 Dungeon Crawl Stone Soup version 0.31-a0-746-ge8284cb111 (webtiles) character file.

Game seed: 11440111626572820852

172 CrazyBamboolord the Changeling (level 5, -4/37 HPs)
             Began as a Demonspawn Shapeshifter on Sept 14, 2023.
             Slain by an ogre
             ... wielding a +0 giant club
              (18 damage)
             ... on level 3 of the Dungeon.
             The game lasted 00:02:59 (2045 turns).

CrazyBamboolord the Changeling (DsSh)               Turns: 2045, Time: 00:02:59

Health: -4/37      AC:  8    Str: 16    XL:     5   Next: 27%
Magic:  5/5        EV:  7    Int: 12    God:
Gold:   152        SH:  4    Dex: 12    Spells: 4/4 levels left

rFire   . .          .
                       - Unarmed
rCold   + . .        (no shield)
rNeg    . . .        s - +0 chain mail
rPois   .            (helmet currently unavailable)
rElec   .            (cloak currently unavailable)
rCorr   .            (gloves currently unavailable)
SInv    .            (boots currently unavailable)
Will    .....        (no amulet) Stlth
                     l - ring of protection from cold
HPRegen 0.26/turn    (no ring)
MPRegen 0.09/turn

%: no passive effects
@: beast-form
A: beast (slay +2), condensation shield, weakness stinger 1
a: Begin Untransformation


You were on level 3 of the Dungeon.
You were a hulking beast.
You visited 1 branch of the dungeon, and saw 3 of its levels.

You collected 152 gold pieces.

Inventory:

Armour
 a - a +0 pair of boots of stealth
 i - a +2 pair of gloves
 o - a +0 helmet
 r - a +0 cloak
 s - a +0 chain mail (worn)
Jewellery
 g - a ring of ice
 l - a ring of protection from cold (left hand)
 m - an amulet of faith
Talismans
 c - a beast talisman (active)
 d - a flux talisman
Scrolls
 f - 4 scrolls of teleportation {unknown}
 h - a scroll of amnesia
 n - a scroll of butterflies {unknown}
 p - 4 scrolls of identify {unknown}
 t - a scroll of fog {unknown}
Potions
 b - a potion of lignification
 e - a potion of resistance {unknown}
 j - 2 potions of ambrosia {unknown}
 k - a potion of berserk rage {unknown}
 q - a potion of heal wounds {unknown}
 u - a potion of curing {unknown}


   Skills:
 - Level 1.0 Fighting
 - Level 1.7 Dodging
 - Level 2.6 Unarmed Combat
 + Level 5.1 Shapeshifting


You had 4 spell levels left.
You didn't know any spells.
Your spell library contained the following spells:

 Spells                   Type           Power      Damage    Failure   Level
 Tukima's Dance           Hex            0%         N/A       100%        3
 Passage of Golubria      Tloc           0%         N/A       100%        4
 Yara's Violent Unravell  Hex/Tmut       0%         3d3       100%        5


Dungeon Overview and Level Annotations

Branches:
Dungeon (3/15)

Altars:
Trog
Vehumet
Xom


Innate Abilities, Weirdness & Mutations

You are a hulking beast.
Your limbs bulge with bestial killing power. (Slay +2)
A meltable shield of frost defends you. (SH +4)
You have a small tail.


Message History

The kobold barely misses you.
A kobold is nearby!
You closely miss the kobold. The kobold hits you but does no damage.
You hit the kobold.
The kobold is heavily wounded.
The kobold barely misses you.
A kobold is nearby!
You punch the kobold!
You kill the kobold!
You now have 135 gold pieces (gained 17).
p - 3 scrolls labelled PEGHUUM AQOGE (gained 1)
p - 4 scrolls labelled PEGHUUM AQOGE (gained 1)
You now have 138 gold pieces (gained 3).
Found a stone staircase leading up.
No target in view!
You now have 152 gold pieces (gained 14).
You open the door.
There is a stone staircase leading up here.
You see here a +0 dagger.
Found an escape hatch in the floor and an escape hatch in the ceiling.
No target in view!
An ogre comes into view. It is wielding a +0 giant club.
The ogre shouts!
Found a brown potion.
An ogre is nearby!
A dart slug comes into view.
Found a stone staircase leading down.
There are monsters nearby!
The ogre hits you with a +0 giant club.
You hit the ogre.
The ogre is lightly wounded.
The ogre hits you with a +0 giant club!!
Ouch! That really hurt!
You are too injured to fight recklessly!
You hit the ogre.
The ogre is moderately wounded.
You barely miss the ogre. You tail-slap the ogre.
The ogre is heavily wounded.
The ogre hits you with a +0 giant club!!
You die...

#.......#.# #.#####...#
#.......#># #######.#.#
### .(......#[# #.#
#########.# #.#
..........###.#####
########..........#+###
# ######........hO....#
###....+..............#
....####..............#
....####...........w..#
.......)..............>.
...................>....
...............##..<.!..
...#...........# .......
...#...........#


You could see an ogre and a dart slug.

Vanquished Creatures
  Natasha (thrice) (D:2)
  3 adders (D:2)
  2 worms (D:2)
  A dart slug (D:2)
  8 endoplasms
  A giant cockroach (D:3)
  3 goblins
  7 hobgoblins
  4 jackals (D:1)
  2 quokkas
  11 ball pythons
  7 bats
  4 frilled lizards
  3 kobolds
  4 rats
63 creatures vanquished.

Notes
Turn   | Place    | Note
-------+----------+-------------------------------------------
     0 | D:1      | CrazyBamboolord the Demonspawn Shapeshifter began the quest
                  | for the Orb.
     0 | D:1      | Reached XP level 1. HP: 15/15 MP: 1/1
    49 | D:1      | Reached skill level 3 in Shapeshifting
    61 | D:1      | Gained mutation: A meltable shield of frost defends you.
                  | (SH +4) [demonic ancestry]
    61 | D:1      | Reached XP level 2. HP: 3/21 MP: 2/2
   622 | D:1      | Gained mutation: You have a small tail. [demonic ancestry]
   622 | D:1      | Reached XP level 3. HP: 26/26 MP: 3/3
   785 | D:2      | Reached skill level 4 in Shapeshifting
   902 | D:2      | Reached XP level 4. HP: 25/32 MP: 4/4
  1208 | D:2      | Noticed Natasha
  1217 | D:2      | Killed Natasha
  1317 | D:2      | Noticed Natasha
  1326 | D:2      | Killed Natasha
  1327 | D:2      | Reached XP level 5. HP: 33/37 MP: 5/5
  1389 | D:2      | Noticed Natasha
  1399 | D:2      | Killed Natasha
  1400 | D:2      | Reached skill level 5 in Shapeshifting
  1714 | D:3      | Found a bloodstained altar of Trog.
  1714 | D:3      | Found a radiant altar of Vehumet.
  1716 | D:3      | Found a shimmering altar of Xom.
  2039 | D:3      | Noticed an ogre
  2045 | D:3      | Slain by an ogre

Illustrated notes

Levels and vault maps discovered:
D:1:      spicycebolla_green_bress_n_ham_2, layout_basic, nrook_loot_triangle,
          minmay_pentomino_v2
D:2:      layout_rooms, minivault_14, skrybe_limestone_x, amethyst_killhole,
          minmay_between, uniq_natasha
D:3:      layout_basic, tgw_sif, gammafunk_temple_overflow_forgotten,
          ebering_ecumenical_altar_rust

Skill      XL: |  1  2  3  4  5 |
---------------+----------------+-----
Shapeshifting  | 3 4 5 |  5.1
Fighting       | |  1.0
Dodging        | |  1.7
Unarmed Combat | |  2.6

Action                     |  1- 3 |  4- 6 || total
---------------------------+-------+-------++-------
  Melee: Unarmed           |   134 |    64 ||   198
         Tailslap          |     9 |     5 ||    14
         Punch             |     1 |       ||     1
    Use: Scroll            |       |     1 ||     1
   Stab: Sleeping          |     2 |     1 ||     3
 Armour: Animal skin       |    51 |    23 ||    74
         Chain mail        |       |     8 ||     8
  Dodge: Dodged            |    93 |    26 ||   119
  Block: Other             |    18 |     4 ||    22

Table legend: (Time is in decaauts)
 A = Elapsed time spent in this place.
 B = Non-inter-level travel time spent in this place.
 C = Inter-level travel time spent in this place.
 D = Time resting spent in this place.
 E = Time spent auto-exploring this place.
 F = Levels seen in this place.
 G = Mean time per level.
                   A        B        C        D        E       F      G
               +--------+--------+--------+--------+--------+-----+--------+
         Total |   2081 |   1971 |    110 |      0 |   1488 |   3 |  693.7 |
       Dungeon |   2081 |   1971 |    110 |      0 |   1488 |   3 |  693.7 |
               +--------+--------+--------+--------+--------+-----+--------+

Top non-repeatable levels by time:
     D:2: 856 daAuts
     D:1: 717 daAuts
     D:3: 507 daAuts
